Map: Curious Minds LE

Players

herO - Winner!

  • Race: Protoss Protoss

LiquidClem (Clem)

  • Race: Terran Terran

Event: TSL 8

VOD

Have the link to the VOD?

Description

Time

  • Played on: Nov. 27, 2021, 6:45 a.m.
  • Length: 7:00

All games in this series

Show
View Real Time Build Order
Export as new Build Order

herO Protoss - Winner!

Build Orders: Proxy Void Ray 

Get SALT Encoding   

  12  0:00  Probe  
  13  0:12  Probe  
  14  0:17  Pylon  
  14  0:24  Probe (Chrono Boost)  
  15  0:36  Probe (Chrono Boost)  
  15  0:37  Gateway  
  16  0:45  Probe (Chrono Boost)  
  16  0:47  Assimilator  
  17  0:51  Probe  
  18  0:57  Assimilator  
  18  1:03  Probe  
  19  1:15  Probe  
  20  1:20  Pylon  
  20  1:24  Cybernetics Core  
  20  1:27  Probe  
  21  1:39  Probe  
  22  1:51  Probe  
  23  2:00  Stargate  
  23  2:01  Adept  
  25  2:03  Probe  
  26  2:11  Pylon  
  26  2:14  Warp Gate  
  26  2:15  Probe  
  26  2:34  Pylon  
  26  2:35  Void Ray (Chrono Boost)  
  30  2:52  Gateway  
  30  2:56  Shield Battery  
  30  3:02  Void Ray (Chrono Boost), Pylon  
  30  3:08  Shield Battery  
  34  3:13  Shield Battery  
  34  3:19  Shield Battery  
  34  3:28  Shield Battery  
  34  3:31  Void Ray (Chrono Boost)  
  38  3:52  Pylon  
  38  4:04  Stalker x2  
  42  4:11  Phoenix  
  44  4:23  Shield Battery  
  44  4:31  Stalker  
  46  4:36  Stalker  
  47  4:46  Phoenix  
  45  4:59  Adept x2  
  49  5:14  Phoenix  
  49  5:31  Adept x2  
  51  5:43  Phoenix  
  53  5:55  Adept  
  55  6:07  Pylon  
  55  6:12  Phoenix  
  55  6:27  Adept  
  57  6:34  Nexus  
Show
View Real Time Build Order
Export as new Build Order

LiquidClem Terran 

Build Orders: Cyclone Opening 

Get SALT Encoding   

  12  0:00  SCV  
  13  0:12  SCV  
  14  0:17  Supply Depot  
  14  0:24  SCV  
  15  0:29  Refinery  
  15  0:38  SCV  
  16  0:45  Barracks  
  16  0:50  SCV  
  17  1:02  SCV  
  18  1:14  SCV  
  19  1:32  Marine, Orbital Command  
  19  1:33  Factory  
  20  1:42  Supply Depot  
  20  1:51  Barracks Reactor  
  20  1:57  SCV  
  21  2:10  SCV  
  22  2:19  Command Center  
  22  2:22  SCV  
  23  2:23  Factory Tech Lab  
  23  2:27  Marine x2  
  25  2:31  Supply Depot  
  25  2:33  Refinery  
  25  2:35  SCV  
  26  2:42  Cyclone  
  29  2:46  Marine  
  29  2:47  Marine  
  31  2:52  SCV  
  32  2:59  Barracks  
  32  3:04  SCV  
  33  3:07  Marine x2  
  35  3:17  Cyclone  
  38  3:21  Bunker  
  38  3:27  Marine  
  38  3:31  Marine  
  39  3:42  SCV  
  39  3:45  Marine, Mag-Field Accelerator  
  41  3:49  Marine  
  41  3:52  Cyclone  
  41  3:53  Marine  
  46  4:06  Marine x2  
  47  4:12  Bunker  
  47  4:13  Marine  
  48  4:18  SCV  
  49  4:29  Supply Depot  
  47  4:36  Marine  
  46  4:44  Cyclone  
  46  4:47  SCV  
  45  4:54  Marine  
  45  4:56  Marine  
  44  5:00  Orbital Command  
  44  5:12  Marine  
  44  5:13  Supply Depot  
  44  5:14  Marine  
  45  5:20  Cyclone  
  48  5:30  Marine  
  48  5:32  SCV, Marine  
  51  5:48  Marine  
  51  5:49  Marine  
  46  6:06  Marine  
  46  6:07  Marine  
  46  6:11  SCV x2  
  41  6:17  Factory Tech Lab  
  41  6:22  Factory  
  41  6:24  Marine  
  41  6:25  Marine  
  41  6:29  SCV  
  41  6:36  SCV  
  27  6:41  Marine  
Tags
 
Add a new tag
Caveats
  • Supply blocks, unpowered buildings, or Contaminate may cause inaccurate times.
  • Supply counts are checked every 10 seconds.